 Dungeon Crawl Stone Soup version 0.28-a0-167-g7eff39e849 (webtiles) character file.

Game seed: 7963686624281302624

287 Conn the Sneak (level 6, -5/37 HPs)
             Began as an Octopode Fire Elementalist on Aug 16, 2021.
             Was an Initiate of Sif Muna.
             Succumbed to Duvessa's poison
             ... on level 4 of the Dungeon.
             The game lasted 00:08:30 (3167 turns).

Conn the Sneak (Octopode Fire Elementalist)         Turns: 3167, Time: 00:08:30

Health: -5/37      AC:  1    Str:  8    XL:     6   Next: 30%
Magic:  3/10       EV: 13    Int: 19    God:    Sif Muna [......]
Gold:   126        SH:  0    Dex: 12    Spells: 4/11 levels left

rFire   . . .      SeeInvis .   m - +2 rapier (drain)
rCold   . . .      Faith    .   (no shield)
rNeg    . . .      Spirit   +   (helmet restricted)
rPois   .          Reflect  .   a - amulet of guardian spirit
rElec   .          Harm     .   (no ring)
rCorr   .          Rampage  .   (no ring)
Will    .....                   (no ring)
Stlth   ++++......              (no ring)
HPRegen 0.12/turn               (no ring)
MPRegen 0.12/turn               (no ring)
                                (no ring)
                                (no ring)

@: lethally poisoned (-5 -> -36), attractive
A: almost no armour, amphibious, 8 rings, camouflage 1, gelatinous body 1,
(nimble swimmer 1), tentacles
a: Renounce Religion


You were on level 4 of the Dungeon.
You worshipped Sif Muna.
Sif Muna was noncommittal.
You visited 1 branch of the dungeon, and saw 4 of its levels.

You collected 126 gold pieces.

Inventory:

Hand Weapons
 b - a +0 short sword
 m - a +2 rapier of draining (weapon)
Missiles
 d - 19 poisoned darts
 g - a curare-tipped dart (quivered)
Jewellery
 a - an amulet of guardian spirit (around mantle)
Scrolls
 c - 3 scrolls of teleportation {unknown}
 e - a scroll of noise {unknown}
 f - 2 scrolls of identify {unknown}
 j - a scroll of fear {unknown}
 k - 2 scrolls of amnesia {unknown}
 n - a scroll of enchant weapon {unknown}
Potions
 i - a potion of heal wounds {unknown}
 l - a potion of invisibility {unknown}


   Skills:
 + Level 0.3 Fighting
 + Level 1.7 Short Blades
 + Level 0.3 Throwing
 + Level 2.2 Dodging
 + Level 4.9 Stealth
 + Level 3.0 Spellcasting
 + Level 2.3 Conjurations
 + Level 4.4 Fire Magic


You had 4 spell levels left.
You knew the following spells:

 Your Spells              Type           Power      Damage    Failure   Level
a - Foxfire               Conj/Fire      60%        2x1d7     3%          1
b - Conjure Flame         Conj/Fire      15%        6-21      12%         3
c - Inner Flame           Hex/Fire       11%        N/A       19%         3

Your spell library contained the following spells:

 Spells                   Type           Power      Damage    Failure   Level
 Sticky Flame             Conj/Fire      15%        2d4       36%         4
 Fireball                 Conj/Fire      7%         3d5       71%         5


Dungeon Overview and Level Annotations

Branches:
Dungeon (4/15)
 Temple: D:4-7

Altars:
Hepliaklqana
Sif Muna

Shops:
D:2 (

Annotations:
D:4 Duvessa


Innate Abilities, Weirdness & Mutations

You cannot wear most types of armour.
You are amphibious.
You can wear up to eight rings at the same time.
Your skin changes colour to match your surroundings (Stealth+).
Your rubbery body absorbs attacks. (AC +1, EV +1)
((You are camouflaged near water. (Stealth+)))
You have tentacles for arms and can constrict up to eight enemies at once.


Message History

Aim: Duvessa, wielding a +2 short sword of venom and wearing a +2 ring mail of cold resistance (berserk, 64% to hit)
You throw a curare-tipped dart.
The curare-tipped dart barely misses Duvessa.
Unknown command.
You hit Duvessa but do no damage. You drain Duvessa. You grab Duvessa.
You squeeze Duvessa, but do no damage.
Duvessa is lightly wounded.
You constrict Duvessa, but do no damage.
Duvessa is engulfed in blazing flames.
Duvessa hits you with a +2 short sword of venom!
Duvessa is engulfed in blazing flames.
Duvessa hits you with a +2 short sword of venom.
You are poisoned.
You hit Duvessa but do no damage. You drain Duvessa.
Duvessa is moderately wounded.
You constrict Duvessa.
You feel very sick.
Duvessa is engulfed in blazing flames.
Duvessa hits you with a +2 short sword of venom!
* * * LOW HITPOINT WARNING * * *
You are lethally poisoned!
Duvessa is engulfed in blazing flames.
Duvessa closely misses you.
Okay, then.
Unknown command.
Okay, then.
Unknown command.
Unknown command.
You hit Duvessa but do no damage. You drain Duvessa.
Duvessa is heavily wounded.
You constrict Duvessa.
* * * LOW HITPOINT WARNING * * *
You feel very sick.
Duvessa is engulfed in blazing flames.
Duvessa hits you with a +2 short sword of venom.
* * * LOW HITPOINT WARNING * * *
You are more poisoned.
It was a potion of attraction.
You feel attractive to monsters.
You constrict Duvessa, but do no damage.
You die...

##+#.#..........#
+##.P..#..........#
.......#..........#
##
....................
.
+##P.....###########
#...##............ +
#...#####..###P..#
###.P####..##
#..P......
.(()....e@.#
#..P..##..
############
#...#§§§PP
#..P.._PP#
#..P#.P.#.
####.PP†.. ##...#...
#..#..... ######...
####


You could see Duvessa (berserk, drained).

Vanquished Creatures
  Dowan (D:4)
  2 hounds (D:3)
  2 orc priests (D:3)
  3 gnolls
  2 adders
  An orc (D:3)
  6 ball pythons
  4 endoplasms
  2 giant cockroaches
  3 goblins
  7 hobgoblins
  12 jackals
  5 quokkas
  5 bats
  2 frilled lizards
  5 kobolds
  7 rats
69 creatures vanquished.

Vanquished Creatures (collateral kills)
  4 foxfires (D:3)
4 creatures vanquished.

Vanquished Creatures (others)
  168 foxfires
168 creatures vanquished.

Grand Total: 241 creatures vanquished

Notes
Turn   | Place    | Note
-------+----------+-------------------------------------------
     0 | D:1      | Conn the Octopode Fire Elementalist began the quest for the
                  | Orb.
     0 | D:1      | Reached XP level 1. HP: 11/11 MP: 3/3
   175 | D:1      | Reached XP level 2. HP: 17/17 MP: 0/5
   767 | D:1      | Reached XP level 3. HP: 21/21 MP: 1/6
  1263 | D:2      | Found Anuotaky's Weapon Shoppe.
  1384 | D:2      | Found a faded altar of an unknown god.
  1390 | D:2      | Found a shimmering blue altar of Sif Muna.
  1486 | D:2      | Became a worshipper of Sif Muna the Loreminder
  2062 | D:2      | Reached XP level 4. HP: 27/27 MP: 1/7
  2121 | D:2      | Learned a level 3 spell: Conjure Flame
  2125 | D:2      | Learned a level 3 spell: Inner Flame
  2577 | D:3      | Reached skill level 1 in Short Blades
  2577 | D:3      | Reached XP level 5. HP: 31/31 MP: 8/8
  2687 | D:3      | Reached XP level 6. HP: 24/36 MP: 1/10
  3102 | D:4      | Found a hazy altar of Hepliaklqana.
  3156 | D:4      | Noticed Dowan
  3158 | D:4      | Noticed Duvessa
  3162 | D:4      | Killed Dowan
  3167 | D:4      | Succumbed to Duvessa's poison

Illustrated notes

Levels and vault maps discovered:
D:1:      dpeg_arrival_round_b, layout_loops_cross
D:2:      layout_rooms, shapermc_ecumenical_altar_venn, serial_shops,
          nicolae_shop_trees, basic_altar, minmay_misc_feat_iff
D:3:      layout_loops_ring, cheibrodos_gnoll_hut
D:4:      corexii_shack_village, layout_rooms, jmf_multi_god_temple2,
          nicolae_hepliaklqana_hazy_memory, nemelex_altar_shiori,
          nicolae_ossuary_entry_plus, uniq_eustachio, uniq_pikel, uniq_duvessa

Skill      XL: |  1  2  3  4  5  6 |
---------------+-------------------+-----
Stealth        | 3 4 |  4.9
Short Blades   | 1 |  1.7
Fire Magic     | 4 |  4.4
Conjurations   | 2 |  2.3
Spellcasting   | 3 |  3.0
Fighting       | |  0.3
Throwing       | |  0.3
Dodging        | |  2.2

Action                   |  1- 3 |  4- 6 || total
-------------------------+-------+-------++-------
Melee: Short sword       |    17 |    10 ||    27
       Constrict         |     5 |     6 ||    11
       Tentacles         |     2 |     2 ||     4
       Rapier            |       |    18 ||    18
Throw: Dart              |     1 |     5 ||     6
 Cast: Foxfire           |    68 |    30 ||    98
       Conjure Flame     |       |     1 ||     1
  Use: Potion            |       |     1 ||     1
 Stab: Sleeping          |     4 |     5 ||     9
Armor: Skin              |     1 |     6 ||     7
Dodge: Dodged            |    19 |    17 ||    36

Table legend: (Time is in decaauts)
 A = Elapsed time spent in this place.
 B = Non-inter-level travel time spent in this place.
 C = Inter-level travel time spent in this place.
 D = Time resting spent in this place.
 E = Time spent auto-exploring this place.
 F = Levels seen in this place.
 G = Mean time per level.
                   A        B        C        D        E       F      G
               +--------+--------+--------+--------+--------+-----+--------+
         Total |   3171 |   3140 |     31 |    157 |   2021 |   4 |  792.8 |
       Dungeon |   3171 |   3140 |     31 |    157 |   2021 |   4 |  792.8 |
               +--------+--------+--------+--------+--------+-----+--------+

Top non-repeatable levels by time:
     D:1: 1212 daAuts
     D:3: 967 daAuts
     D:2: 915 daAuts
     D:4: 76 daAuts
